 Dungeon Crawl Stone Soup version 0.30-a0-622-gddc90eaa04 (webtiles) character file.

Game seed: 12274036066629311530

44023 themarg the Martial Artist (level 14, -9/128 (130) HPs)
             Began as a Gnoll Transmuter on Jan 10, 2023.
             Was an Initiate of Gozag.
             Mangled by a death yak (25 damage)
             ... on level 5 of the Lair of Beasts on Jan 11, 2023.
             The game lasted 00:53:50 (18750 turns).

themarg the Martial Artist (Gnoll Transmuter)      Turns: 18750, Time: 00:53:51

HP:   -9/128 (130)  AC:  9    Str: 11    XL:     14   Next: 26%
MP:   27/28         EV: 16    Int: 16    God:    Gozag
Gold: 1970          SH:  0    Dex: 19    Spells: 24/34 levels left

rFire   . . .      SeeInvis .      - Unarmed
rCold   + + +      Faith    .    (shield currently unavailable)
rNeg    . . .      Spirit   .    (body armour currently unavailable)
rPois   +          Reflect  .    (helmet currently unavailable)
rElec   +          Harm     .    (cloak currently unavailable)
rCorr   +          Rampage  .    (gloves currently unavailable)
Will    +....                    (boots currently unavailable)
Stlth   ++++                     V - amulet of regeneration
HPRegen 1.21/turn                h - +6 ring of dexterity
MPRegen 0.21/turn                I - ring of poison resistance

@: mighty, ice-form, resistant, gold aura, hasted, lightly drained, very quick
A: freezing attack, amphibious, boosted hp, large, (fangs 1), strong nose,
distributed training
a: End Transformation, Renounce Religion, Potion Petition, Call Merchant, Bribe
Branch


You were on level 5 of the Lair of Beasts.
You worshipped Gozag.
Gozag was most pleased with you.
You were a creature of crystalline ice.
You visited 2 branches of the dungeon, and saw 16 of its levels.
You also visited: Sewer.

You collected 4875 gold pieces.
You paid 2905 gold pieces to Gozag.

Inventory:

Missiles
 g - 55 poisoned darts
 A - 27 stones
 D - 3 curare-tipped darts
 E - 4 throwing nets
Armour
 a - a +0 robe (melded)
 j - a +0 helmet (melded)
 m - a +0 pair of gloves (melded)
 W - a +0 cloak (melded)
 Y - a +2 pair of boots (melded)
Jewellery
 h - a +6 ring of dexterity (left front paw)
 o - a ring of flight
 p - a ring of protection from cold
 z - a ring of magical power
 I - a ring of poison resistance (right front paw)
 N - an amulet of guardian spirit
 O - a ring of resist corrosion
 Q - a ring of protection from fire
 R - a +4 ring of protection
 S - a ring of willpower
 V - an amulet of regeneration (around neck)
 Z - a ring of wizardry
Wands
 l - a wand of flame (10)
 B - a wand of roots (1)
 H - a wand of polymorph (4)
 J - a wand of quicksilver (4)
 X - a wand of paralysis (9)
Scrolls
 d - 7 scrolls of teleportation
 n - 3 scrolls of vulnerability {unknown}
 q - 2 scrolls of identify
 t - 2 scrolls of blinking
 u - 3 scrolls of immolation
 v - 2 scrolls of magic mapping {unknown}
 x - 2 scrolls of amnesia {unknown}
 y - 4 scrolls of poison
 F - a scroll of silence {unknown}
 G - 2 scrolls of fog {unknown}
 M - 3 scrolls of enchant weapon {unknown}
 T - 2 scrolls of fear {unknown}
Potions
 b - 2 potions of lignification
 e - 2 potions of berserk rage
 f - 5 potions of haste
 i - 4 potions of brilliance
 k - 5 potions of resistance
 s - 4 potions of flight
 w - 5 potions of might
 C - a potion of cancellation {unknown}
 K - 6 potions of curing
 L - a potion of attraction {unknown}
 P - 4 potions of mutation {unknown}
 U - a potion of magic {unknown}


   Skills:
 + Level 9.8 Fighting
 + Level 9.4 Short Blades
 + Level 9.4 Long Blades
 + Level 9.4 Axes
 + Level 9.4 Maces & Flails
 + Level 9.4 Polearms
 + Level 9.4 Staves
 + Level 9.4 Ranged Weapons
 + Level 9.4 Throwing
 + Level 9.4 Armour
 + Level 10.5 Dodging
 + Level 9.4 Stealth
 + Level 9.4 Shields
 + Level 11.4 Unarmed Combat
 + Level 10.7 Spellcasting
 + Level 7.8 Conjurations
 + Level 7.8 Hexes
 + Level 7.8 Summonings
 + Level 7.8 Necromancy
 + Level 7.8 Translocations
 + Level 8.8 Transmutations
 + Level 7.8 Fire Magic
 + Level 7.8 Ice Magic
 + Level 7.8 Air Magic
 + Level 7.8 Earth Magic
 + Level 7.8 Poison Magic
 + Level 10.2 Invocations
 + Level 9.4 Evocations


You had 24 spell levels left.
You knew the following spells:

 Your Spells              Type           Power      Damage    Failure   Level
a - Beastly Appendage     Tmut           72%        N/A       1%          1
b - Wereblood             Tmut           36%        N/A       1%          2
c - Spider Form           Tmut/Pois      35%        N/A       1%          3
d - Ice Form              Ice/Tmut       35%        N/A       2%          4

Your spell library contained the following spells:

 Spells                   Type           Power      Damage    Failure   Level
 Slow                     Hex            100%       N/A       1%          1
 Cigotuvi's Dreadful Rot  Necr/Pois/Air  66%        N/A       1%          2
 Ensorcelled Hibernation  Hex/Ice        66%        N/A       1%          2
 Passwall                 Tmut/Erth      29%        N/A       1%          2
 Confusing Touch          Hex            33%        N/A       1%          3
 Ignite Poison            Fire/Tmut/Pois 34%        N/A       1%          3
 Swiftness                Air            33%        N/A       1%          3
 Vampiric Draining        Necr           33%        2d8       1%          3
 Petrify                  Tmut/Erth      35%        N/A       2%          4
 Dispel Undead            Necr           33%        3d14      3%          4
 Sticky Flame             Conj/Fire      33%        2d5       3%          4
 Metabolic Englaciation   Hex/Ice        16%        N/A       10%         5
 Statue Form              Tmut/Erth      23%        N/A       38%         6
 Death Channel            Necr           16%        N/A       45%         6
 Ignition                 Fire           16%        3d7       100%        8


Dungeon Overview and Level Annotations

Branches:
Dungeon (11/15)            Temple (0/1) D:5            Lair (5/5) D:9
  Swamp (0/4) Lair:2        Snake (0/4) Lair:2        Slime (0/5) Lair:5
    Orc (0/2) D:9           Sewer (visited)

Altars:
Ashenzari
Cheibriados
Fedhas
Gozag
Nemelex Xobeh
Ru
Trog
Xom
The Shining One
Jiyva

Shops:
D:3 *   D:10 [

Portals:
Abyss: D:8

Annotations:
D:8 2 transporters, wormed's ghost, novice NaGl
D:9 1 runed translucent door, Iich's ghost, novice DsBe
Lair:2 2 transporters
Lair:4 2 runed translucent doors, jr88keys's ghost, journeyman AtFi


Innate Abilities, Weirdness & Mutations

You are a creature of crystalline ice.
You have a powerful freezing melee attack.
You are amphibious.
Your maximum health is increased.
Your armour is entirely melded.
You are incapable of wielding weapons or throwing items.
((You have very sharp teeth.))
Your uncanny sense of smell can sniff out nearby items.
Your experience applies equally to all skills.


Message History

The death yak is heavily wounded.
The manticore bites you!
* * * LOW HITPOINT WARNING * * *
The manticore claws you but does no damage.
The manticore claws you.
* * * LOW HITPOINT WARNING * * *
The death yak barely misses you.
You completely miss the death yak.
The death yak is heavily wounded.
The manticore bites you!
* * * LOW HITPOINT WARNING * * *
The manticore misses you. The manticore claws you!
* * * LOW HITPOINT WARNING * * *
The death yak closely misses you.
Okay, then. [a] - 435 gold - brilliance, magic and curing [b] - 336 gold - resistance and might [c] - 588 gold - curing, magic, lignification, might and resistance Purchase which effect?
You feel protected.
You feel very mighty all of a sudden. [a] - 648 gold - resistance, might and haste [b] - 728 gold - resistance, might, haste and brilliance [c] - 192 gold - heal wounds and curing Purchase which effect?
You feel much better.
You feel better. The manticore bites you.
* * * LOW HITPOINT WARNING * * *
The manticore claws you.
* * * LOW HITPOINT WARNING * * *
The manticore claws you.
* * * LOW HITPOINT WARNING * * *
The death yak gores you!
* * * LOW HITPOINT WARNING * * *
You punch the death yak! You freeze the death yak.
The death yak is heavily wounded.
The manticore misses you. The manticore barely misses you.
The manticore claws you.
* * * LOW HITPOINT WARNING * * *
The death yak gores you!!
You die...
Your body crumbles into a pile of gold.

...# #........#.....
#... #......#....#.
#... #........##...
#... #.....#..##...
...########...###...
∆###...#...#...#..##...
##P..#.#...#......##...
#....HY#...#.....###...
##...$Y#.#.#....###....
##.#..........####....
# #........#.###.....
####...#####....... ##
##### #........ .##.
#..^..... ...... ..#
#........ .......
....## ##........
........ ...P..
#.........


You could see a death yak and a manticore.

Vanquished Creatures
  Gastronok (D:8)
  Snorg (Lair:5)
  Josephine (D:10)
  Harold (D:11)
  5 hydras
  A catoblepas (Lair:5)
  Erica (D:11)
  A two-headed ogre (D:11)
  A boulder beetle (Lair:3)
  8 death yaks
  8 elephants
  A cyclops (D:9)
  A will-o-the-wisp (Lair:2)
  4 black mambas
  A gargoyle (D:7)
  11 cane toads
  2 kobold demonologists (D:10)
  4 rime drakes
  An unseen horror (D:11)
  8 komodo dragons
  A troll (D:9)
  Grinder (D:5)
  Prince Ribbit (D:5)
  12 blink frogs
  6 wyverns
  A vampire (D:11)
  3 wraiths (D:10)
  A shadow (D:11)
  30 yaks
  2 basilisks
  Grum (D:11)
  2 vampire mosquitoes (D:10)
  A steam dragon (D:7)
  4 wargs (D:9)
  16 water moccasins
  An acid dragon (D:7)
  2 orc warriors (D:11)
  A black bear (D:7)
  4 ice beasts
  2 sky beasts (D:7)
  3 ogres
  10 wolves
  10 centaurs
  7 kobold brigands
  7 bullfrogs
  A necrophage (D:5)
  3 gnoll sergeants
  4 scorpions
  12 wights
  6 killer bees (D:8)
  14 howler monkeys
  9 hounds
  A jelly (D:7)
  3 gnoll boudas
  3 orc priests
  Terence (D:3)
  Jessica (D:3)
  7 hell rats (Lair:5)
  4 iguanas
  Natasha (D:3)
  18 orc wizards
  A mummy (D:4)
  28 gnolls
  10 adders
  5 river rats
  A shadow imp (D:5)
  5 white imps
  4 ufetubi
  7 worms
  5 dart slugs
  29 orcs
  10 ball pythons
  5 bats
  8 endoplasms
  3 giant cockroaches
  12 goblins
  8 hobgoblins
  8 jackals
  35 kobolds
  3 quokkas
  4 frilled lizards
  25 rats
495 creatures vanquished.

Vanquished Creatures (others)
  20 fungi
  69 plants
89 creatures vanquished.

Grand Total: 584 creatures vanquished

Notes
Turn   | Place    | Note
-------+----------+-------------------------------------------
     0 | D:1      | themarg the Gnoll Transmuter began the quest for the Orb.
     0 | D:1      | Reached XP level 1. HP: 17/17 MP: 6/6
    71 | D:1      | Reached XP level 2. HP: 18/23 MP: 7/7
   200 | D:1      | Learned a level 2 spell: Wereblood
   917 | D:2      | Reached skill level 5 in Spellcasting
   917 | D:2      | Reached XP level 3. HP: 28/28 MP: 6/9
   921 | D:2      | Learned a level 3 spell: Spider Form
  1225 | D:2      | Reached skill level 1 in Invocations
  1309 | D:2      | Reached skill level 1 in Short Blades
  1309 | D:2      | Reached skill level 1 in Long Blades
  1309 | D:2      | Reached skill level 1 in Axes
  1309 | D:2      | Reached skill level 1 in Maces & Flails
  1309 | D:2      | Reached skill level 1 in Polearms
  1309 | D:2      | Reached skill level 1 in Staves
  1309 | D:2      | Reached skill level 1 in Ranged Weapons
  1309 | D:2      | Reached skill level 1 in Throwing
  1309 | D:2      | Reached skill level 1 in Armour
  1309 | D:2      | Reached skill level 1 in Stealth
  1309 | D:2      | Reached skill level 1 in Shields
  1309 | D:2      | Reached skill level 1 in Evocations
  1314 | D:2      | Reached XP level 4. HP: 34/34 MP: 4/11
  1805 | D:2      | Reached skill level 1 in Conjurations
  1805 | D:2      | Reached skill level 1 in Hexes
  1805 | D:2      | Reached skill level 1 in Summonings
  1805 | D:2      | Reached skill level 1 in Necromancy
  1805 | D:2      | Reached skill level 1 in Translocations
  1805 | D:2      | Reached skill level 1 in Fire Magic
  1805 | D:2      | Reached skill level 1 in Ice Magic
  1805 | D:2      | Reached skill level 1 in Air Magic
  1805 | D:2      | Reached skill level 1 in Earth Magic
  1805 | D:2      | Reached skill level 1 in Poison Magic
  2094 | D:3      | Found Hufuab's Assorted Antiques.
  2229 | D:3      | Noticed Jessica
  2248 | D:3      | Killed Jessica
  2249 | D:3      | Reached XP level 5. HP: 29/41 MP: 7/12
  2343 | D:3      | Noticed Terence
  2357 | D:3      | Killed Terence
  2540 | D:3      | Found an opulent altar of Gozag.
  2656 | D:3      | Became a worshipper of Gozag Ym Sagoz the Greedy
  2926 | D:3      | Noticed Natasha
  2946 | D:3      | Killed Natasha
  2953 | D:3      | Reached XP level 6. HP: 41/47 MP: 11/14
  3070 | D:4      | Reached skill level 5 in Dodging
  3721 | D:4      | Reached skill level 7 in Unarmed Combat
  3721 | D:4      | Reached XP level 7. HP: 49/52 MP: 15/15
  3970 | D:4      | Found a snail-covered altar of Cheibriados.
  4082 | D:5      | Entered Level 5 of the Dungeon
  4156 | D:5      | Found a glowing drain.
  4167 | Sewer    | Entered a sewer
  4901 | D:5      | Found a staircase to the Ecumenical Temple.
  4938 | D:5      | Reached XP level 8. HP: 19/60 MP: 16/16
  5275 | D:5      | Noticed Grinder
  5289 | D:5      | Paralysed by Grinder for 4 turns
  5300 | D:5      | Killed Grinder
  5712 | D:5      | Noticed Prince Ribbit
  5725 | D:5      | Killed Prince Ribbit
  6046 | D:6      | HP: 1/61 [gnoll sergeant/+5 vampiric spear (15)]
  6050 | D:6      | Reached skill level 5 in Transmutations
  6304 | D:6      | Reached XP level 9. HP: 66/66 MP: 18/18
  6415 | D:6      | Learned a level 4 spell: Ice Form
  6602 | D:6      | Reached skill level 5 in Fighting
  6953 | D:6      | Reached skill level 8 in Unarmed Combat
  7029 | D:6      | Reached skill level 5 in Invocations
  7204 | D:6      | Found a sacrificial altar of Ru.
  7502 | D:7      | Reached skill level 5 in Short Blades
  7502 | D:7      | Reached skill level 5 in Long Blades
  7502 | D:7      | Reached skill level 5 in Axes
  7502 | D:7      | Reached skill level 5 in Maces & Flails
  7502 | D:7      | Reached skill level 5 in Polearms
  7502 | D:7      | Reached skill level 5 in Staves
  7502 | D:7      | Reached skill level 5 in Ranged Weapons
  7502 | D:7      | Reached skill level 5 in Throwing
  7502 | D:7      | Reached skill level 5 in Armour
  7502 | D:7      | Reached skill level 5 in Stealth
  7502 | D:7      | Reached skill level 5 in Shields
  7502 | D:7      | Reached skill level 5 in Evocations
  7502 | D:7      | Reached XP level 10. HP: 75/76 MP: 17/20
  7678 | D:7      | Identified the +0 leather armour "Ygoics" {rElec}
  7915 | D:7      | Noticed a gargoyle
  7923 | D:7      | Killed a gargoyle
  8536 | D:8      | Found a transporter.
  8537 | D:8      | Found a transporter.
  8858 | D:8      | Noticed Gastronok
  8874 | D:8      | Killed Gastronok
  8875 | D:8      | Reached skill level 9 in Unarmed Combat
  8875 | D:8      | Reached skill level 5 in Conjurations
  8875 | D:8      | Reached skill level 5 in Hexes
  8875 | D:8      | Reached skill level 5 in Summonings
  8875 | D:8      | Reached skill level 5 in Necromancy
  8875 | D:8      | Reached skill level 5 in Translocations
  8875 | D:8      | Reached skill level 5 in Fire Magic
  8875 | D:8      | Reached skill level 5 in Ice Magic
  8875 | D:8      | Reached skill level 5 in Air Magic
  8875 | D:8      | Reached skill level 5 in Earth Magic
  8875 | D:8      | Reached skill level 5 in Poison Magic
  8875 | D:8      | Reached XP level 11. HP: 60/83 MP: 19/22
  9202 | D:8      | Found a one-way gate to the infinite horrors of the Abyss.
  9202 | D:8      | Noticed wormed's ghost (novice NaGl)
  9341 | D:8      | Found a glowing golden altar of the Shining One.
  9621 | D:9      | Found a sparkling altar of Nemelex Xobeh.
  9665 | D:9      | Found a broken altar of Ashenzari.
  9797 | D:9      | Found a staircase to the Lair.
  9929 | D:9      | Found a staircase to the Orcish Mines.
 10020 | D:9      | Found a runed translucent door.
 10020 | D:9      | Noticed Iich's ghost (novice DsBe)
 10200 | D:9      | Found a shimmering altar of Xom.
 10244 | D:9      | Found a blossoming altar of Fedhas.
 10370 | D:9      | Noticed a cyclops
 10377 | D:9      | Killed a cyclops
 10632 | D:10     | Entered Level 10 of the Dungeon
 10650 | D:10     | Noticed a sun demon
 10798 | D:10     | Noticed Josephine
 10829 | D:10     | Killed Josephine
 11008 | D:10     | Found Quisk's Armour Boutique.
 11332 | D:10     | Found a bloodstained altar of Trog.
 11580 | D:11     | Noticed a two-headed ogre
 11582 | D:11     | Noticed Grum
 11590 | D:11     | Killed a two-headed ogre
 11593 | D:11     | Killed Grum
 11594 | D:11     | Reached XP level 12. HP: 32/91 MP: 24/24
 12406 | D:11     | Noticed Harold
 12420 | D:11     | HP: 4/110 [Harold/+0 glaive (12)]
 12424 | D:11     | Killed Harold
 12623 | D:11     | Noticed Erica
 12644 | D:11     | Killed Erica
 13052 | Lair:1   | Entered Level 1 of the Lair of Beasts
 13077 | Lair:1   | Reached skill level 10 in Unarmed Combat
 13451 | Lair:1   | Found a blossoming altar of Fedhas.
 13614 | Lair:1   | Noticed a death yak
 13636 | Lair:1   | Killed a death yak
 13720 | Lair:1   | Noticed a death yak
 13720 | Lair:1   | Noticed a death yak
 13722 | Lair:1   | Noticed a death yak
 13722 | Lair:1   | Noticed a death yak
 13722 | Lair:1   | Noticed a death yak
 13749 | Lair:1   | Killed a death yak
 13757 | Lair:1   | Killed a death yak
 13762 | Lair:1   | Killed a death yak
 13766 | Lair:1   | Killed a death yak
 13771 | Lair:1   | Killed a death yak
 14373 | Lair:2   | Found a transporter.
 14373 | Lair:2   | Found a transporter.
 14490 | Lair:2   | Noticed a boulder beetle
 14521 | Lair:2   | Found a staircase to the Snake Pit.
 14541 | Lair:2   | Reached XP level 13. HP: 91/99 MP: 26/26
 14854 | Lair:2   | Found a staircase to the Swamp.
 16557 | Lair:4   | Reached skill level 10 in Spellcasting
 17129 | Lair:4   | Found a large runed translucent door.
 17129 | Lair:4   | Found a large runed translucent door.
 17213 | Lair:4   | Reached skill level 10 in Dodging
 17213 | Lair:4   | Reached skill level 11 in Unarmed Combat
 17253 | Lair:4   | Noticed jr88keys's ghost (journeyman AtFi)
 17799 | Lair:5   | Entered Level 5 of the Lair of Beasts
 18197 | Lair:5   | Noticed Snorg
 18204 | Lair:5   | Killed Snorg
 18205 | Lair:5   | Reached XP level 14. HP: 108/108 MP: 25/28
 18237 | Lair:5   | Reached skill level 10 in Invocations
 18623 | Lair:5   | Found a staircase to the Slime Pits.
 18623 | Lair:5   | Found a viscous altar of Jiyva.
 18750 | Lair:5   | Mangled by a death yak

Illustrated notes

Levels and vault maps discovered:
D:1:      ncdulo_halloftheorcs, layout_basic
D:2:      layout_basic, minmay_joined_circles
D:3:      layout_basic, nicolae_gozag_cash_rules_everything_around_me,
          serial_shops, nicolae_shop_crystal, uniq_terence, uniq_natasha,
          uniq_jessica
D:4:      layout_basic, slow_altar_2
D:5:      layout_gridville, minmay_temple_entry_glass, gup_sewer_entry_bubbles,
          uniq_grinder, uniq_prince_ribbit1
D:6:      kennysheep_housing_project, layout_rooms,
          nicolae_ru_great_annihilating_truth, minmay_tree_intersection,
          hangedman_decor_points
D:7:      minmay_opposing_rooms, layout_cave_pools, minmay_diced_spiral
D:8:      layout_basic, nicolae_tso_swordbearing_angel,
          gammafunk_ghost_abyssal_escape, interstate_on_off, uniq_gastronok,
          uniq_maggie
D:9:      layout_loops_ring, fedhas_bush_and_centaur_altar,
          nemelex_xobeh_ov_fountains_minmay, lemuel_coloured_pillars_altar,
          mainiacjoe_overflow_brackets, david_lair_shrubbed,
          minmay_orc_entry_guard_dogs, gammafunk_ghost_grave
D:10:     layout_rooms, old_standard_altar, serial_shops, shop, nrook_uturn,
          uniq_josephine
D:11:     layout_loops_cross, uniq_harold, uniq_grum, uniq_erica
Lair:1:   layout_regular_city, basic_altar, small_statue_intersection,
          minivault_27, st_stairs_11
Lair:2:   gammafunk_boulding_lane, layout_small_grid, minmay_swamp_entry_wisps,
          minmay_snake_entry_six_corridors
Lair:3:   layout_misc_corridors, beast_lair_carwin_8
Lair:4:   layout_gridlike, ebering_ghost_disaster_area
Lair:5:   hangedman_lair_in_review, layout_layer_cave, slime_entry_1,
          uniq_snorg, uniq_kirke

Skill      XL: |  1  2  3  4  5  6  7  8  9 10 11 12 13 14 |
---------------+-------------------------------------------+-----
Spellcasting   | 5 6 7 8 9 10 | 10.7
Invocations    | 1 2 3 4 5 6 7 8 9 10 | 10.2
Short Blades   | 1 2 3 5 6 7 8 9 |  9.4
Long Blades    | 1 2 3 5 6 7 8 9 |  9.4
Axes           | 1 2 3 5 6 7 8 9 |  9.4
Maces & Flails | 1 2 3 5 6 7 8 9 |  9.4
Polearms       | 1 2 3 5 6 7 8 9 |  9.4
Staves         | 1 2 3 5 6 7 8 9 |  9.4
Ranged Weapons | 1 2 3 5 6 7 8 9 |  9.4
Throwing       | 1 2 3 5 6 7 8 9 |  9.4
Armour         | 1 2 3 5 6 7 8 9 |  9.4
Stealth        | 1 2 3 5 6 7 8 9 |  9.4
Shields        | 1 2 3 5 6 7 8 9 |  9.4
Evocations     | 1 2 3 5 6 7 8 9 |  9.4
Conjurations   | 1 2 3 4 5 6 7 |  7.8
Hexes          | 1 2 3 4 5 6 7 |  7.8
Summonings     | 1 2 3 4 5 6 7 |  7.8
Necromancy     | 1 2 3 4 5 6 7 |  7.8
Translocations | 1 2 3 4 5 6 7 |  7.8
Fire Magic     | 1 2 3 4 5 6 7 |  7.8
Ice Magic      | 1 2 3 4 5 6 7 |  7.8
Air Magic      | 1 2 3 4 5 6 7 |  7.8
Earth Magic    | 1 2 3 4 5 6 7 |  7.8
Poison Magic   | 1 2 3 4 5 6 7 |  7.8
Fighting       | 3 4 5 6 7 8 9 |  9.8
Transmutations | 4 5 6 7 8 |  8.8
Dodging        | 5 6 7 8 9 10 | 10.5
Unarmed Combat | 7 8 9 10 11 | 11.4

Action                   |  1- 3 |  4- 6 |  7- 9 | 10-12 | 13-15 || total
-------------------------+-------+-------+-------+-------+-------++-------
Melee: Unarmed           |    76 |   134 |   367 |   458 |   371 ||  1406
       Kick              |     9 |       |       |       |       ||     9
       Headbutt          |     5 |       |       |       |       ||     5
       Bite              |     1 |     2 |     3 |     1 |       ||     7
       Punch             |       |       |     1 |       |     1 ||     2
 Cast: Beastly Appendage |    15 |     6 |       |       |       ||    21
       Spider Form       |     4 |    28 |    42 |     7 |     2 ||    83
       Wereblood         |     1 |     3 |    15 |    12 |     3 ||    34
       Ice Form          |       |       |     8 |    41 |    38 ||    87
Invok: Potion Petition   |       |       |     1 |     2 |     4 ||     7
Evoke: Wand              |       |       |       |    17 |    30 ||    47
  Use: Scroll            |       |     8 |     2 |     7 |       ||    17
       Potion            |       |       |     3 |     7 |     2 ||    12
 Stab: Sleeping          |     3 |     3 |     8 |     6 |     6 ||    26
       Distracted        |       |     1 |     5 |     3 |     3 ||    12
       Paralysed         |       |       |     1 |       |       ||     1
Armor: Robe              |     6 |     2 |     3 |     1 |     1 ||    13
       Skin              |     1 |     5 |    20 |    96 |    87 ||   209
Dodge: Dodged            |    55 |   100 |   285 |   300 |   220 ||   960

Table legend: (Time is in decaauts)
 A = Elapsed time spent in this place.
 B = Non-inter-level travel time spent in this place.
 C = Inter-level travel time spent in this place.
 D = Time resting spent in this place.
 E = Time spent auto-exploring this place.
 F = Levels seen in this place.
 G = Mean time per level.
                   A        B        C        D        E       F      G
               +--------+--------+--------+--------+--------+-----+--------+
         Total |  18465 |  17880 |    585 |    537 |  13420 |  17 | 1086.2 |
       Dungeon |  12388 |  11929 |    459 |    439 |   9027 |  11 | 1126.2 |
          Lair |   5585 |   5459 |    126 |     96 |   4231 |   5 | 1117.0 |
         Sewer |    491 |    491 |      0 |      2 |    162 |   1 |  491.0 |
               +--------+--------+--------+--------+--------+-----+--------+

Top non-repeatable levels by time:
     D:6: 1565 daAuts
    D:11: 1420 daAuts
  Lair:4: 1348 daAuts
     D:5: 1259 daAuts
  Lair:1: 1255 daAuts
     D:9: 1220 daAuts
  Lair:2: 1213 daAuts
     D:2: 1194 daAuts
     D:4: 1023 daAuts
     D:8: 1000 daAuts
     D:3: 954 daAuts
  Lair:3: 947 daAuts
     D:7: 937 daAuts
    D:10: 927 daAuts
     D:1: 884 daAuts
